 Dungeon Crawl Stone Soup version 0.20-a0-3-g334f831 (console) character file.

66 brucemayne the Chopper (level 4, -6/39 HPs)
             Began as a Hill Orc Monk on Oct 30, 2016.
             Killed from afar by wazuzu's ghost (19 damage)
             ... with a flame tongue
             ... on level 3 of the Dungeon.
             The game lasted 00:02:40 (930 turns).

brucemayne the Chopper (Hill Orc Monk)               Turns: 930, Time: 00:02:41

Health: -6/39      AC:  3    Str: 14    XL:     4   Next: 15%
Magic:  4/4        EV: 12    Int: 10    God:
Gold:   77         SH:  0    Dex: 13    Spells: 0 memorised, 3 levels left

rFire  . . .     SeeInvis .     a - +0 hand axe
rCold  . . .     Gourm    .     j - +0 leather armour
rNeg   . . .     Faith    .     (no shield)
rPois  .         Spirit   .     (no helmet)
rElec  .         Reflect  .     (no cloak)
rCorr  .         Harm     .     (no gloves)
MR     .....                    (no boots)
Stlth  ++........               (no amulet)
                                (no ring)
                                (no ring)

@: no status effects
A: no striking features
a: no special abilities


You were on level 3 of the Dungeon.
You were not hungry.

You visited 1 branch of the dungeon, and saw 3 of its levels.

You collected 77 gold pieces.

Inventory:

Hand Weapons
 a - a +0 hand axe (weapon)
 i - a +0 hand axe
Missiles
 o - 3 tomahawks of returning (quivered)
Armour
 b - a +0 robe
 j - a +0 leather armour (worn)
 l - a +0 plate armour
Jewellery
 g - an uncursed ring of ice
Scrolls
 e - 3 scrolls of enchant weapon {unknown}
 h - 2 scrolls of identify {unknown}
 k - a scroll of blinking {unknown}
Potions
 m - a potion of flight {unknown}
 n - a potion of ambrosia {unknown}
Comestibles
 c - 2 bread rations
 d - a royal jelly
 f - a beef jerky


   Skills:
 - Level 3.6 Fighting
 + Level 6.5 Axes
 - Level 2.4 Dodging
 - Level 1.5 Stealth


You had 3 spell levels left.
You didn't know any spells.

Dungeon Overview and Level Annotations

Branches:
Dungeon (3/15)

Altars:

Annotations:
D:3 wazuzu's ghost, amateur DrFE


Message History

Things that are here:
a club; a goblin corpse You see here a hobgoblin corpse.
There is a stone staircase leading up, spattered with blood here.
You climb upwards.
There is a stone staircase leading down here.
There is a stone staircase leading down here.
You climb downwards.
Level annotation: wazuzu's ghost, amateur DrFE Wazuzu's ghost turns its malevolent gaze towards you.
There is a stone staircase leading up here.
Wazuzu's ghost gestures at you while chanting.
The flame tongue hits you!
Wazuzu's ghost makes a sound of rattling chains.
Wazuzu's ghost casts a spell at you. The flame tongue misses you.
Okay, then.
Wazuzu's ghost gestures at you while chanting.
The flame tongue hits you!
You die...

##### #... #########.#
#####.........#####.##
......[$.@....<.......
########
#.#.#!..<.[..##
.......# #.#W####.#
######.# #..... #.#
#......# ###.#..#.# ##
....#### #.##.#.# #.
....# #.. .#.# #.#
....# #### #.# #.#
.<..# #.# #.#


You could see wazuzu's ghost.

Vanquished Creatures
  Natasha (D:3)
  An ooze (D:2)
  A leopard gecko (D:1)
  An orc (D:3)
  A ball python (D:2)
  4 bats
  2 giant cockroaches
  2 goblins
  4 hobgoblins
  4 jackals (D:1)
  5 kobolds
  3 frilled lizards
  4 rats
33 creatures vanquished.

Notes
Turn   | Place    | Note
-------+----------+-------------------------------------------
     0 | D:1      | brucemayne the Hill Orc Monk began the quest for the Orb.
     0 | D:1      | Reached XP level 1. HP: 19/19 MP: 1/1
   100 | D:1      | Reached XP level 2. HP: 13/26 MP: 2/2
   265 | D:1      | Reached skill level 5 in Axes
   525 | D:1      | Reached XP level 3. HP: 17/31 MP: 3/3
   621 | D:3      | Noticed wazuzu's ghost (amateur DrFE)
   845 | D:3      | Noticed Natasha
   859 | D:3      | Killed Natasha
   859 | D:3      | Reached skill level 6 in Axes
   859 | D:3      | Reached XP level 4. HP: 24/39 MP: 4/4
   930 | D:3      | Killed from afar by wazuzu's ghost

Vault maps used:
D:1:      dpeg_arrival_solitude, serial_forest, infiniplex_forest_straight_2,
          infiniplex_forest_lined_3, infiniplex_forest_clump_long,
          infiniplex_forest_diagonal, infiniplex_forest_diagonal,
          infiniplex_forest_lined_ring
D:2:      serial_bayou_pond_a, kennysheep_generic_room_3, uniq_robin
D:3:      first_bread, uniq_natasha, uniq_crazy_yiuf_cottage

Skill      XL: |  1  2  3 |
---------------+----------+-----
Axes           | 5 6 |  6.5
Fighting       | |  3.6
Dodging        | |  2.4
Stealth        | |  1.5

Action                   |  1- 3 |  4- 6 || total
-------------------------+-------+-------++-------
Melee: Hand axe          |   129 |     4 ||   133
  Use: Potion            |     1 |       ||     1
 Stab: Sleeping          |     4 |       ||     4
Armor: Robe              |    15 |       ||    15
       Leather armour    |     3 |       ||     3
Dodge: Dodged            |    96 |     4 ||   100
